 Dungeon Crawl Stone Soup version 0.20-a0-299-gec7c366 (webtiles) character file.

574 trey113 the Skirmisher (level 7, -3/45 HPs)
             Began as a Gargoyle Fighter on Dec 15, 2016.
             Shot with an arrow by a centaur (9 damage)
             ... on level 5 of the Dungeon.
             The game lasted 00:11:44 (3190 turns).

trey113 the Skirmisher (Gargoyle Fighter)           Turns: 3190, Time: 00:11:45

Health: -3/45      AC: 12    Str: 21 (22) XL:     7   Next: 34%
Magic:  7/7        EV:  8    Int:  6 (8)  God:
Gold:   151        SH:  9    Dex: 13 (14) Spells: 6/6 levels left

rFire  x . .     SeeInvis .     w - +0 mace (crush)
rCold  + . .     Gourm    .     e - +2 ring mail of the Ecumenical Temple {Dex+3}
rNeg   + . .     Faith    .     c - +0 shield
rPois  ∞         Spirit   .     (no helmet)
rElec  +         Reflect  .     (no cloak)
rCorr  .         Harm     .     (no gloves)
MR     .....                    (no boots)
Stlth  +.........               j - amulet of magic regeneration
                                k - ring of ice
                                i - +2 ring of dexterity

@: no status effects
A: negative energy resistance 1, electricity resistance, unbreathing,
petrification resistance, rot immunity, AC +4
a: no special abilities


You were on level 5 of the Dungeon.
You were not hungry.

You visited 1 branch of the dungeon, and saw 5 of its levels.

You collected 151 gold pieces.

Inventory:

Hand Weapons
 a - a +0 flail
 w - a +0 mace of crushing (weapon)
Armour
 b - a +0 scale mail
 c - a +0 shield (worn)
 e - the +2 ring mail of the Ecumenical Temple (worn) {Dex+3}
   (You found it on level 4 of the Dungeon)

   It affects your dexterity (+3).
Jewellery
 i - a +2 ring of dexterity (left hand)
 j - an amulet of magic regeneration (around neck)
 k - a ring of ice (right hand)
Scrolls
 m - 2 scrolls of enchant weapon
 n - a scroll of remove curse
 o - 3 scrolls of blinking
 q - 3 scrolls of immolation
Potions
 d - a potion of might
 h - 3 potions of lignification {unknown}
 p - a potion of cure mutation {unknown}
 s - 2 potions of heal wounds
 t - a potion of curing
 A - a potion of invisibility
 B - 2 potions of mutation
Comestibles
 f - 7 fruits
 g - a beef jerky
 l - a meat ration
 v - 3 bread rations
 z - a slice of pizza


   Skills:
 * Level 5.7 Fighting
 + Level 5.5 Maces & Flails
 + Level 5.0 Armour
 - Level 3.2 Shields


You had 6 spell levels left.
You didn't know any spells.

Dungeon Overview and Level Annotations

Branches:
Dungeon (5/15)
 Temple: D:4-7

Altars:


Innate Abilities, Weirdness & Mutations

You are resistant to torment.
Your stone body is resilient. (AC +4)
You are immune to poison.
You resist negative energy. (rN+)
You are resistant to electric shocks. (rElec)
You can survive without breathing.
You are immune to petrification.
You are immune to rotting.


Message History

The orc hits you but does no damage.
You closely miss the orc.
The centaur shoots an arrow.
The arrow hits you but does no damage.
The centaur shoots an arrow.
The arrow hits you.
* * * LOW HITPOINT WARNING * * *
The orc hits you with a war axe.
* * * LOW HITPOINT WARNING * * *
You are too injured to fight recklessly!
You are too injured to fight recklessly!
The centaur shoots an arrow.
You block the arrow.
Things that are here:
an arrow; 3 scrolls of remove curse The centaur shoots an arrow.
The arrow hits you.
* * * LOW HITPOINT WARNING * * *
Things that are here:
an arrow; a club The centaur shoots an arrow.
You block the arrow.
You see here an arrow.
The centaur shoots an arrow.
The arrow hits you!
You die...

##........##
##........##
#..........#
#..........#
#..........#
#..........#
#..........#
##........#
##..@...##
#.##(### .
...#.(## ..
#.###...## ...
#.. ##c..####....
... #..).......
... #(#..).#..
#......#
..........).>....


You could see a centaur.

Vanquished Creatures
  A jelly (D:5)
  3 hounds
  Crazy Yiuf (D:3)
  4 orc priests
  Jessica (D:3)
  A centaur skeleton (D:4)
  An orc wizard (D:4)
  A worker ant (D:4)
  A hound skeleton (D:4)
  3 gnolls (D:2)
  6 adders
  An ooze (D:3)
  An adder skeleton (D:4)
  An adder zombie (D:5)
  2 worms
  3 dart slugs
  4 leopard geckos
  10 orcs
  6 giant cockroaches
  6 goblins
  3 hobgoblins
  3 jackals (D:2)
  2 quokkas
  13 bats
  3 frilled lizards
  7 kobolds
  7 rats
95 creatures vanquished.

Notes
Turn   | Place    | Note
-------+----------+-------------------------------------------
     0 | D:1      | trey113 the Gargoyle Fighter began the quest for the Orb.
     0 | D:1      | Reached XP level 1. HP: 14/14 MP: 1/1
   191 | D:1      | Reached XP level 2. HP: 19/19 MP: 2/2
   651 | D:2      | Reached XP level 3. HP: 20/24 MP: 3/3
   803 | D:2      | Reached XP level 4. HP: 27/30 MP: 4/4
  1410 | D:3      | Reached XP level 5. HP: 34/34 MP: 5/5
  1453 | D:3      | Found a runed door.
  1484 | D:3      | Noticed Jessica
  1491 | D:3      | Killed Jessica
  1515 | D:3      | Reached skill level 5 in Fighting
  1852 | D:3      | Found a glowing drain.
  1867 | D:3      | Reached XP level 6. HP: 38/40 MP: 6/6
  2203 | D:3      | Noticed Crazy Yiuf
  2214 | D:3      | Killed Crazy Yiuf
  2459 | D:4      | Got a polished ring mail
  2470 | D:4      | Identified the +2 ring mail of the Ecumenical Temple {Dex+3} (You found it on level 4 of the Dungeon)
  2856 | D:4      | Reached XP level 7. HP: 29/44 MP: 7/7
  3035 | D:4      | Reached skill level 5 in Maces & Flails
  3072 | D:5      | Entered Level 5 of the Dungeon
  3155 | D:5      | Reached skill level 5 in Armour
  3190 | D:5      | Shot with an arrow by a centaur

Vault maps used:
D:1:      dpeg_arrival_chambers_temple_mockup
D:3:      first_bread, portal_sewer_entry_f, uniq_jessica,
          uniq_crazy_yiuf_cottage
D:5:      minivault_26

Skill      XL: |  1  2  3  4  5  6  7 |
---------------+----------------------+-----
Fighting       | 4 5 |  5.7
Armour         | 4 5 |  5.0
Maces & Flails | 3 4 5 |  5.5
Shields        | |  3.2

Action                   |  1- 3 |  4- 6 |  7- 9 || total
-------------------------+-------+-------+-------++-------
Melee: Flail             |   132 |    64 |       ||   196
       Mace              |       |   146 |    51 ||   197
  Use: Scroll            |       |    11 |     1 ||    12
       Potion            |       |     3 |       ||     3
  Eat: Bread ration      |       |     2 |       ||     2
Armor: Scale mail        |    86 |    71 |       ||   157
       Ring mail         |       |    21 |    26 ||    47
Dodge: Dodged            |    49 |    52 |    22 ||   123
Block: Shield            |    85 |   106 |    33 ||   224
